 Dungeon Crawl Stone Soup version 0.13.0-9-gbc74161 (webtiles) character file.

4068 Malachi the Basher (level 9, -1/83 HPs)
             Began as a Troll Hunter on Oct 17, 2013.
             Was a Believer of Okawaru.
             Killed by divine providence
             ... invoked by an orc priest
              (10 damage)
             ... on Level 8 of the Dungeon.
             The game lasted 00:17:16 (6409 turns).

Malachi the Basher (Troll Hunter)                   Turns: 6409, Time: 00:17:18

HP  -1/83        AC  6     Str 25      XL: 9   Next: 85%
MP  12/12        EV 12     Int  7      God: Okawaru [**....]
Gold 473         SH  0     Dex 10      Spells:  0 memorised,  8 levels left

Res.Fire  : . . .   See Invis. : .   F - +1,+0 giant club
Res.Cold  : . . .   Warding    : .   d - +1 animal skin
Life Prot.: . . .   Conserve   : .   (shield restricted)
Res.Poison: .       Res.Corr.  : .   (helmet restricted)
Res.Elec. : .       Clarity    : .   (no cloak)
Sust.Abil.: . .     Spirit.Shd : .   (gloves unavailable)
Res.Mut.  : .       Stasis     : .   (boots unavailable)
Res.Rott. : .       Flight     : .   (no amulet)
Gourmand  : +                        o - ring of magical power
                                     y - ring of sustenance

@: slightly resistant to hostile enchantments, unstealthy
A: unfitting armour, claws 3, fast metabolism 3, gourmand, regeneration 2,
saprovore 2, tough skin 2, AC +1
a: Heroism, Renounce Religion


You were on level 8 of the Dungeon.
You worshipped Okawaru.
Okawaru was pleased with you.
You were very full.

You visited 2 branches of the dungeon, and saw 10 of its levels.
You also visited: Sewer.

You collected 453 gold pieces.

Inventory:

Hand weapons
 C - a +0,+0 whip of electrocution
 F - a +1,+0 giant club (weapon)
Missiles
 c - 3 throwing nets (quivered)
Armour
 d - a +1 animal skin (worn)
Magical devices
 A - a wand of disintegration (6) {unknown}
Comestibles
 a - 5 meat rations
 j - 5 bread rations
 l - 4 apples
 r - 17 sultanas
 v - a honeycomb
 E - an orange
Scrolls
 f - 6 scrolls of remove curse
 i - a scroll of recharging {unknown}
 k - a scroll of identify
 m - 2 scrolls of amnesia
 s - a scroll of enchant weapon I
 t - 2 scrolls of magic mapping
 u - 2 scrolls of fear
 w - a scroll of random uselessness {unknown}
 x - 2 scrolls of teleportation
 z - 2 scrolls of enchant armour
Jewellery
 o - a ring of magical power (right claw)
 y - a ring of sustenance (left claw)
Potions
 e - 5 potions of brilliance
 g - a potion of curing {unknown}
 h - a potion of invisibility {unknown}
 n - a potion of beneficial mutation {unknown}
 p - a potion of magic {unknown}
 q - a potion of restore abilities
 B - a potion of degeneration {unknown}


   Skills:
 + Level 4.0 Fighting
 * Level 8.4 Maces & Flails
 * Level 6.4 Throwing
 + Level 6.8 Dodging
 - Level 0.4 Stealth
 - Level 1.0 Unarmed Combat


You had 8 spell levels left.
You didn't know any spells.

Dungeon Overview and Level Annotations

Branches:
Dungeon (9/27)             Temple (1/1) D:5             Orc (0/4) D:6
   Lair: D:8-13

Altars:
Ashenzari
Cheibriados
Elyvilon
Fedhas
Kikubaaqudgha
Makhleb
Nemelex Xobeh
Okawaru
Sif Muna
Trog
Vehumet
Xom
Yredelemnul
Zin
the Shining One


Innate Abilities, Weirdness & Mutations

You are too large for most types of armour.
You have claws for hands.
Your metabolism is lightning-fast.
You like to eat raw meat.
You heal very quickly.
You can eat rotten meat.
You are covered in fur (AC +1).
You have very tough skin (AC +2).


Message History

You feel a wave of unholy energy pass over you.
The orc priest mumbles some strange prayers to Beogh against you.
Something smites you!
* * * LOW HITPOINT WARNING * * *
You hit the orc priest.
The orc priest is lightly wounded.
The agate snail seems to regain its courage.
The orc priest hits you with an orcish flail.
* * * LOW HITPOINT WARNING * * *
You hit the orc priest.
The orc priest is moderately wounded.
The orc priest closely misses you.
Read which item? (? for menu, Esc to quit)
As you read the scroll of fear, it crumbles to dust.
You assume a fearsome visage.
The agate snail looks frightened!
The yak gores you!
* * * LOW HITPOINT WARNING * * *
The orc priest mumbles some strange prayers to Beogh against you.
Something smites you!
You die...

#......#
##.._..##
#......#
#......#
#......###
####.....##
##..>..##
#[.....#.#
####Y@o.(#
##.j..#
##..(#
..(..#
#....r.
#.... ##.


You could see an agate snail (fleeing), a yak, an orc priest and a green rat
(fleeing).

Vanquished Creatures
  A hill giant (D:7)
  Prince Ribbit (D:4)
  A basilisk (D:9)
  The ghost of ark the Ruinous, an average DECj (Sewer)
  A yak (D:9)
  A hippogriff (D:8)
  2 phantoms
  4 orc warriors
  3 ogres
  3 centaurs
  A crocodile (D:8)
  Blork the orc (D:3)
  A water moccasin (D:6)
  4 crimson imps
  A centaur zombie (D:6)
  2 iguanas
  A centaur skeleton (D:7)
  A giant frog skeleton (D:6)
  A hound (D:4)
  2 jellies (D:5)
  2 orc priests
  2 goliath beetles
  7 orc wizards
  3 worker ants
  7 gnolls
  10 adders
  2 giant mites (D:6)
  7 worms
  A giant eyeball (D:5)
  8 giant geckos
  24 orcs
  5 ball pythons
  5 bats
  4 giant cockroaches
  13 goblins
  10 hobgoblins
  9 jackals
  3 quokkas
  9 giant newts
  2 hobgoblin skeletons
  A hobgoblin zombie (D:5)
  16 kobolds
  12 rats
  2 rat skeletons (D:4)
  A plant (Sewer)
198 creatures vanquished.

Notes
Turn   | Place    | Note
--------------------------------------------------------------
     0 | D:1      | Malachi, the Troll Hunter, began the quest for the Orb.
     0 | D:1      | Reached XP level 1. HP: 20/20 MP: 0/0
   174 | D:1      | Reached XP level 2. HP: 25/28 MP: 0/0
   474 | D:1      | Reached skill level 4 in Throwing
   688 | D:2      | Found a glowing golden altar of the Shining One.
   869 | D:2      | Reached XP level 3. HP: 21/35 MP: 1/1
  1380 | D:3      | Noticed an ogre
  1383 | D:3      | Killed an ogre
  1383 | D:3      | Reached skill level 1 in Maces & Flails
  1383 | D:3      | Reached XP level 4. HP: 42/42 MP: 1/1
  1498 | D:3      | Found a shimmering altar of Xom.
  1697 | D:3      | Reached XP level 5. HP: 48/50 MP: 1/1
  2009 | D:4      | Noticed Blork the orc
  2019 | D:3      | Killed Blork the orc
  2066 | D:4      | Reached XP level 6. HP: 45/58 MP: 2/2
  2168 | D:4      | Noticed an ogre
  2171 | D:4      | Killed an ogre
  2338 | D:4      | Noticed Prince Ribbit
  2391 | D:4      | Killed Prince Ribbit
  2391 | D:4      | Reached XP level 7. HP: 35/65 MP: 2/2
  2719 | D:4      | Reached skill level 5 in Throwing
  2719 | D:4      | Reached skill level 5 in Dodging
  3021 | D:5      | Entered Level 5 of the Dungeon
  3382 | D:5      | Paralysed by a giant eyeball for 3 turns
  3387 | D:5      | Paralysed by a giant eyeball for 4 turns
  3394 | D:5      | Paralysed by a giant eyeball for 4 turns
  3464 | D:5      | Reached XP level 8. HP: 54/74 MP: 2/2
  3743 | D:5      | Found a staircase to the Ecumenical Temple.
  3749 | Temple   | Entered the Ecumenical Temple
  3840 | Temple   | Became a worshipper of Warmaster Okawaru
  4119 | D:6      | Reached skill level 5 in Maces & Flails
  4473 | D:6      | Found a staircase to the Orcish Mines.
  4548 | D:6      | Reached skill level 6 in Maces & Flails
  4561 | D:6      | Found a glowing drain.
  4578 | Sewer    | Entered a sewer
  4675 | Sewer    | Noticed ark's ghost (average DECj)
  4680 | Sewer    | Killed ark's ghost
  4680 | Sewer    | Acquired Okawaru's first power
  5169 | D:6      | Reached XP level 9. HP: 81/81 MP: 3/3
  5518 | D:7      | Reached skill level 7 in Maces & Flails
  5608 | D:7      | Noticed a hill giant
  5611 | D:7      | Killed a hill giant
  5717 | D:7      | Found a snail-covered altar of Cheibriados.
  5717 | D:7      | Found a white marble altar of Elyvilon.
  6147 | D:8      | Found an iron altar of Okawaru.
  6165 | D:8      | Reached skill level 8 in Maces & Flails
  6409 | D:8      | Killed from afar by an orc priest

Action                   |  1- 3 |  4- 6 |  7- 9 || total
-------------------------+-------+-------+-------++-------
Melee: Unarmed           |    61 |       |       ||    61
       Club              |    62 |       |       ||    62
       Giant club        |       |    69 |   373 ||   442
       Whip              |       |    30 |       ||    30
Throw: Large rock        |     1 |    25 |    55 ||    81
  Use: Scroll            |     1 |     3 |    15 ||    19
       Potion            |       |       |     2 ||     2
 Stab: Sleeping          |     1 |       |       ||     1
